 Dungeon Crawl Stone Soup version 0.27-a0-263-gc8dee61f84 (webtiles) character file.

Game seed: 1502576365578514260

27919 knot the Cleaver (level 13, -23/86 HPs)
             Began as a Demonspawn Berserker on Feb 5, 2021.
             Was an Elder of Trog.
             Annihilated by Agnes
             ... wielding a +2 lajatang of speed
              (25 damage)
             ... on level 14 of the Dungeon.
             The game lasted 00:32:05 (15692 turns).

knot the Cleaver (Demonspawn Berserker)            Turns: 15692, Time: 00:32:06

Health: -23/86     AC: 19    Str: 19    XL:     13   Next: 7%
Magic:  0/13       EV:  8    Int: 13    God:    Trog [****..]
Gold:   2514       SH:  0    Dex: 15    Spells: 12/12 levels left

rFire    + . .     SeeInvis +   K - +5 battleaxe (flame)
rCold    . . .     Faith    .   (shield currently unavailable)
rNeg     + . .     Spirit   +   f - +2 chain mail {rN+}
rPois    .         Reflect  .   (helmet restricted)
rElec    .         Harm     .   r - +2 cloak {Stlth+}
rCorr    .         Rampage  .   x - +1 pair of gloves {Dex+3}
Will     .....                  O - +1 pair of boots
Stlth    ..........             k - amulet of the acrobat
HPRegen  0.24/turn              c - ring of protection from fire
MPRegen  0.26/turn              P - ring of see invisible

@: no status effects
A: antennae 1, molten scales 1, powered by death 1, magic shield, magic
regeneration, magic link
a: Renounce Religion, Berserk, Trog's Hand, Brothers in Arms


You were on level 14 of the Dungeon.
You worshipped Trog.
Trog was greatly pleased with you.
You visited 2 branches of the dungeon, and saw 15 of its levels.
You also visited: Ossuary.

You collected 2514 gold pieces.

Inventory:

Hand Weapons
 g - the +10 flail "Axkair" {protect, rC+ Dex+2}
   (You took it off an orc on level 12 of the Dungeon)

   It grants its wielder temporary protection when it strikes (+7 to AC).
   It affects your dexterity (+2).
   It protects you from cold.
 K - a +5 battleaxe of flaming (weapon)
 N - a +7 trident of protection
 Y - a +6 antimagic battleaxe
Missiles
 m - 16 atropa-tipped darts
 z - 51 poisoned darts
 C - 2 datura-tipped darts
 T - 5 boomerangs (quivered)
Armour
 f - a +2 chain mail of positive energy (worn)
 r - a +2 cloak of stealth (worn)
 x - a +1 pair of gloves of dexterity (worn)
 L - a +0 ring mail of cold resistance
 O - a +1 pair of boots (worn)
Jewellery
 c - a ring of protection from fire (left hand)
 i - a +6 ring of strength
 k - an amulet of the acrobat (around neck)
 P - a ring of see invisible (right hand)
 S - an uncursed ring of protection from fire
Wands
 a - a wand of digging (4)
 y - a wand of acid (13)
 B - a wand of flame (52)
 G - a wand of polymorph (23)
 H - a wand of iceblast (22)
 J - a wand of paralysis (8)
 V - a wand of charming (7)
 X - a wand of random effects (18)
Scrolls
 e - 3 scrolls of fear
 h - 3 scrolls of identify
 l - 2 scrolls of remove curse
 n - 4 scrolls of blinking
 p - 10 scrolls of teleportation
 t - 2 scrolls of enchant armour
 u - 6 scrolls of fog
 E - a scroll of magic mapping
 I - a scroll of enchant weapon
Potions
 b - 4 potions of heal wounds
 j - a potion of flight
 o - 3 potions of brilliance
 q - 7 potions of lignification {unknown}
 s - 7 potions of curing {unknown}
 v - a potion of mutation {unknown}
 w - a potion of haste
 A - 5 potions of ambrosia {unknown}
 D - a potion of resistance
 F - 3 potions of might
 Z - a potion of attraction
Miscellaneous
 d - a condenser vane
 M - a condenser vane


   Skills:
 - Level 3.0 Fighting
 * Level 14.3 Axes
 * Level 13.9 Throwing
 - Level 1.7 Armour
 - Level 1.7 Dodging


You had 12 spell levels left.
You didn't know any spells.
Your spell library contained the following spells:

 Spells                   Type           Power        Failure   Level
 Corona                   Hex            0%           98%         1
 Magic Dart               Conj           0%           98%         1
 Blink                    Tloc           N/A          99%         2
 Call Imp                 Summ           0%           99%         2
 Ensorcelled Hibernation  Hex/Ice        0%           99%         2
 Slow                     Hex            0%           99%         2
 Confusing Touch          Hex            0%           100%        3
 Conjure Flame            Conj/Fire      0%           100%        3
 Dazzling Flash           Conj/Hex       0%           100%        3
 Gell's Gravitas          Tloc           0%           100%        3
 Ignite Poison            Fire/Tmut/Pois 0%           100%        3
 Mephitic Cloud           Conj/Pois/Air  0%           100%        3
 Tukima's Dance           Hex            0%           100%        3
 Petrify                  Tmut/Erth      0%           100%        4
 Fireball                 Conj/Fire      0%           100%        5
 Metabolic Englaciation   Hex/Ice        0%           100%        5
 Yara's Violent Unravell  Hex/Tmut       0%           100%        5
 Starburst                Conj/Fire      0%           100%        6
 Ignition                 Fire           0%           100%        8


Dungeon Overview and Level Annotations

Branches:
Dungeon (14/15)            Temple (1/1) D:7            Lair (0/6) D:8
    Orc (0/2) D:9         Ossuary (visited)
 Vaults: D:13-14

Altars:
Ashenzari
Cheibriados
Dithmenos
Elyvilon
Fedhas
Gozag
Hepliaklqana
Kikubaaqudgha
Makhleb
Nemelex Xobeh
Okawaru
Qazlal
Ru
Sif Muna
Trog
Uskayaw
Vehumet
Wu Jian
Xom
Yredelemnul
Zin
The Shining One

Annotations:
D:14 Agnes


Innate Abilities, Weirdness & Mutations

You have a pair of small antennae on your head.
You are partially covered in molten scales. (AC +2)
You regenerate a little health from kills.
When hurt, damage is shared between your health and your magic reserves.
You regenerate magic rapidly.
When low on magic, you restore magic in place of health.


Message History

You closely miss Agnes.
Agnes is lightly wounded.
Agnes hits you but does no damage.
Your ogre completely misses Agnes.
Agnes hits you but does no damage.
You miss Agnes.
Agnes is lightly wounded.
Agnes hits you with a +2 lajatang of speed!
Your ogre closely misses Agnes.
Agnes completely misses you.
You miss Agnes.
Agnes hits you with a +2 lajatang of speed!!
Your ogre closely misses Agnes.
Agnes hits you with a +2 lajatang of speed!
* * * LOW HITPOINT WARNING * * *
Your ogre completely misses Agnes.
You slash Agnes! You burn Agnes.
Agnes is lightly wounded.
Agnes hits you with a +2 lajatang of speed!!
* * * LOW HITPOINT WARNING * * *
Agnes hits you with a +2 lajatang of speed!!
You die...

**********
,,,,,,,,,*******#######**********
********,,,,,,,,,..#..,,,,,,,,,,*
*,,^,,∩***#.#.#*********,*
**,**#,####.#.# *,* ******
**.###.#......# *,* ,,,,,*
*,......O....###########.* ****,*
*,,**#..i@.............[.* * *,*
*,,* ###.##..#...<.......,
****,***,,* #.*#..#.##........,
,,,,*,,,,,* #.*#..#.##.######.,
****,***,** #.*#..#.##.#*****,, *
*,***,* ***#.*#..#.##.#*,,,,,, *
*,,,,,* *,,..,#..#.##.#*,***,, *
******* *,*##,#..#.##.#*,**,,, *
*,**,,*,,,,,...,,**,*,


You could see Agnes and a friendly ogre (summoned, berserk).

Vanquished Creatures
  An ettin (D:12)
  An ogre mage (D:12)
  A centaur warrior (D:12)
  6 two-headed ogres
  An unseen horror (D:11)
  Pikel (D:4)
  An ugly thing (D:12)
  A manticore (D:12)
  A deep elf pyromancer (D:13)
  6 cyclopes
  An elephant (D:8)
  3 kobold demonologists (D:11)
  An efreet (D:13)
  Grinder (D:3)
  4 slime creatures (D:10)
  A shadow (D:12)
  2 wraiths
  2 wyverns (D:8)
  A basilisk (D:8)
  19 yaks
  2 vampire mosquitoes (D:12)
  5 wargs
  An acid dragon (D:11)
  Edmund (D:3)
  A water moccasin (D:6)
  5 orc warriors
  An ice beast (D:13)
  A sky beast (D:8)
  3 black bears
  5 ogres
  3 wolves (D:12)
  2 eyes of draining
  7 centaurs
  A phantom (D:6)
  2 lemures (D:4)
  7 big kobolds
  8 bullfrogs
  A wyvern zombie (D:13)
  A wyvern skeleton (D:12)
  4 scorpions
  16 killer bees
  15 wights
  A howler monkey (D:6)
  3 centaur zombies
  A lava snake (D:12)
  4 jellies
  A quasit (D:7)
  A bullfrog zombie (D:12)
  2 centaur skeletons
  7 hounds
  9 orc priests
  3 bullfrog skeletons
  4 iguanas
  Ijyb (D:4)
  9 orc wizards
  10 worker ants
  A hound skeleton (D:10)
  2 mummies (Ossuary)
  A howler monkey zombie (D:6)
  2 worker ant zombies
  2 gnolls
  21 adders
  A howler monkey skeleton (D:5)
  2 shadow imps
  A white imp (D:5)
  2 ufetubi
  An adder skeleton (D:7)
  3 adder zombies
  3 worms
  4 dart slugs
  3 leopard geckos
  33 orcs
  2 giant cockroaches (D:4)
  5 goblins
  6 hobgoblins
  18 jackals
  2 quokkas
  2 ball pythons
  8 bats
  3 frilled lizards
  A giant cockroach zombie (D:5)
  A goblin zombie (Ossuary)
  10 hobgoblin zombies (Ossuary)
  2 jackal zombies (Ossuary)
  23 kobolds
  14 kobold zombies (Ossuary)
  A leopard gecko skeleton (D:5)
  4 orc zombies (Ossuary)
  8 rats
  2 rat zombies (Ossuary)
397 creatures vanquished.

Vanquished Creatures (collateral kills)
  A fire giant (D:12)
  An ettin (D:12)
  An ogre mage (D:12)
  9 cyclopes (D:12)
  A kobold demonologist (D:12)
  A warg (D:12)
  A big kobold (D:11)
  A gnoll sergeant (D:8)
  2 killer bees (D:11)
  An orc priest (D:12)
  An orc wizard (D:12)
  4 gnolls (D:8)
  2 orcs (D:12)
26 creatures vanquished.

Vanquished Creatures (others)
  2 plants
2 creatures vanquished.

Grand Total: 425 creatures vanquished

Notes
Turn   | Place    | Note
-------+----------+-------------------------------------------
     0 | D:1      | knot the Demonspawn Berserker began the quest for the Orb.
     0 | D:1      | Reached XP level 1. HP: 18/18 MP: 1/1
    37 | D:1      | You fall into a shaft and drop 1 floor!
    61 | D:2      | Found a hazy altar of Hepliaklqana.
    69 | D:2      | Reached skill level 3 in Axes
    69 | D:2      | Gained mutation: You have a pair of small antennae on your
                  | head. [demonic ancestry]
    69 | D:2      | Reached XP level 2. HP: 24/24 MP: 2/2
   577 | D:1      | Reached XP level 3. HP: 29/29 MP: 3/3
   852 | D:2      | Reached skill level 4 in Axes
   852 | D:2      | Reached skill level 1 in Throwing
  1179 | D:2      | Reached ** piety under Trog
  1180 | D:2      | Reached XP level 4. HP: 25/35 MP: 4/4
  2130 | D:3      | Gained mutation: You regenerate a little health from kills.
                  | [demonic ancestry]
  2130 | D:3      | Reached XP level 5. HP: 36/41 MP: 5/5
  2699 | D:3      | Noticed Grinder
  2820 | D:3      | Killed Grinder
  2821 | D:3      | Reached skill level 5 in Axes
  2821 | D:3      | Gained mutation: You regenerate magic rapidly. [demonic
                  | ancestry]
  2821 | D:3      | Reached XP level 6. HP: 47/47 MP: 6/6
  2883 | D:3      | You fall into a shaft and drop 3 floors!
  2990 | D:6      | Noticed a water moccasin
  3008 | D:6      | Killed a water moccasin
  3092 | D:6      | Gained mutation: When hurt, damage is shared between your
                  | health and your magic reserves. [demonic ancestry]
  3092 | D:6      | Reached XP level 7. HP: 52/52 MP: 7/7
  3261 | D:5      | Entered Level 5 of the Dungeon
  3359 | D:5      | Reached skill level 6 in Axes
  3900 | D:4      | Reached skill level 5 in Throwing
  4003 | D:4      | Noticed Ijyb
  4015 | D:4      | Killed Ijyb
  4080 | D:4      | Noticed Edmund
  4103 | D:3      | Killed Edmund
  4104 | D:3      | Reached XP level 8. HP: 58/58 MP: 8/8
  4538 | D:3      | Found a bloodstained altar of Trog.
  4873 | D:4      | Noticed Pikel
  4894 | D:4      | Killed Pikel
  4895 | D:4      | Reached skill level 7 in Axes
  4951 | D:4      | Reached *** piety under Trog
  5112 | D:4      | Found a glowing silver altar of Zin.
  5112 | D:4      | Noticed an angel
  5377 | D:5      | Reached skill level 8 in Axes
  5971 | D:6      | Reached XP level 9. HP: 59/63 MP: 9/9
  6510 | D:7      | Found a blossoming altar of Fedhas.
  6729 | D:7      | Found a staircase to the Ecumenical Temple.
  6739 | D:7      | Reached skill level 9 in Axes
  6831 | Temple   | Entered the Ecumenical Temple
  6967 | D:7      | Reached **** piety under Trog
  7134 | D:7      | Found a basalt altar of Yredelemnul.
  7137 | D:7      | Found a blossoming altar of Fedhas.
  7137 | D:7      | Found a bloodstained altar of Trog.
  7137 | D:7      | Found a radiant altar of Vehumet.
  7143 | D:7      | Found a burning altar of Makhleb.
  7563 | D:8      | Found a sand-covered staircase.
  7567 | Ossuary  | Entered an ossuary
  8123 | D:8      | Reached ***** piety under Trog
  8287 | D:8      | Noticed an elephant
  8296 | D:8      | Killed an elephant
  8314 | D:8      | Found a staircase to the Lair.
  8451 | D:8      | Gained mutation: When low on magic, you restore magic in
                  | place of health. [demonic ancestry]
  8451 | D:8      | Reached XP level 10. HP: 52/70 MP: 5/10
  8609 | D:8      | Reached skill level 10 in Axes
  9319 | D:9      | Reached skill level 10 in Throwing
  9466 | D:9      | Found a staircase to the Orcish Mines.
  9533 | D:9      | Found a bloodstained altar of Trog.
  9637 | D:9      | Found an opulent altar of Gozag.
  9707 | D:10     | Entered Level 10 of the Dungeon
  9707 | D:10     | Noticed a two-headed ogre
  9714 | D:10     | Killed a two-headed ogre
  9715 | D:10     | Reached skill level 11 in Axes
  9715 | D:10     | Noticed a two-headed ogre
  9765 | D:10     | Killed a two-headed ogre
  9920 | D:10     | Gained mutation: You are partially covered in molten
                  | scales. (AC +2) [demonic ancestry]
  9920 | D:10     | Reached XP level 11. HP: 71/75 MP: 9/11
 10789 | D:10     | Reached skill level 12 in Axes
 12196 | D:11     | Found a white marble altar of Elyvilon.
 12404 | D:12     | Noticed an ogre mage
 12425 | D:11     | Killed an unseen horror
 12539 | D:12     | Killed an ogre mage
 12539 | D:12     | Received a gift from Trog
 12588 | D:12     | Reached XP level 12. HP: 65/81 MP: 12/12
 12638 | D:12     | Reached skill level 13 in Axes
 12819 | D:12     | Noticed a centaur warrior
 12829 | D:12     | Killed a centaur warrior
 13243 | D:12     | Noticed an ogre mage
 13257 | D:12     | Killed an ogre mage
 13443 | D:12     | Noticed an ettin
 13468 | D:12     | Killed an ettin
 13549 | D:12     | Noticed a two-headed ogre
 13583 | D:12     | Killed a two-headed ogre
 13947 | D:12     | Identified the +10 flail "Axkair" {protect, rC+ Dex+2}
 13951 | D:12     | Identified the +5 hand axe of Tenacity {speed, Stlth+}
 13974 | D:12     | Noticed an ettin
 13974 | D:12     | Killed an ettin
 13988 | D:12     | Reached skill level 14 in Axes
 14092 | D:12     | Noticed a fire giant
 14104 | D:12     | Killed a fire giant
 14380 | D:12     | Found the +4 dagger "Morg" {pain, Will+ Int+5}
 14787 | D:13     | Identified a scroll of acquirement
 14787 | D:13     | Acquired 1239 gold pieces
 14889 | D:13     | Noticed a two-headed ogre
 14900 | D:13     | Killed a two-headed ogre
 15005 | D:13     | Noticed a two-headed ogre
 15011 | D:13     | Killed a two-headed ogre
 15024 | D:13     | Noticed a two-headed ogre
 15035 | D:13     | Reached XP level 13. HP: 52/86 MP: 6/13
 15682 | D:14     | Noticed Agnes
 15692 | D:14     | HP: 2/86 [Agnes/+2 lajatang of speed (20)]
 15692 | D:14     | Annihilated by Agnes

Illustrated notes

Levels and vault maps discovered:
D:1:      evilmike_arrival_crescent, layout_basic
D:2:      layout_basic, lemuel_round_altar, minmay_3d_cube
D:3:      minmay_diamond_boxcup, layout_rooms, trog_butcher_becter, uniq_grinder
D:4:      layout_cave_pools, zin_angel, minmay_circle_x, uniq_ijyb, uniq_edmund,
          uniq_pikel
D:5:      layout_rooms
D:6:      minmay_angry_zag, layout_loops_ring
D:7:      layout_loops_corners, minitemple, minmay_temple_entry_sparse_star,
          fedhas_altar_2
D:8:      layout_basic, david_lair_generic, lightli_ossuary_entry_decrepit_ruins
D:9:      layout_basic, nicolae_gozag_cash_rules_everything_around_me,
          minmay_orc_entry_guard_dogs, trog_book
D:10:     layout_loops_ring
D:11:     layout_cave_pods, elyvilon_altar_5
D:12:     giant_chief_lemuel, layout_loops_ring, minmay_librarian
D:13:     layout_irregular_city
D:14:     layout_loops_ring, ximxim_vaults_locker_room,
          hangedman_decor_diamond_cutter, gauntlet_entry_generic,
          kennysheep_cluttered_room, onia_ninara_cookie, uniq_agnes
Temple:   zaba_magenta_temple

Skill      XL: |  1  2  3  4  5  6  7  8  9 10 11 12 |
---------------+-------------------------------------+-----
Axes           | 3 4 5 6 8 9 11 12 14 | 14.3
Throwing       | 1 2 3 4 5 7 9 10 12 13 | 13.9
Fighting       | |  3.0
Armour         | |  1.7
Dodging        | |  1.7

Action                   |  1- 3 |  4- 6 |  7- 9 | 10-12 | 13-15 || total
-------------------------+-------+-------+-------+-------+-------++-------
Melee: Hand axe          |    77 |   161 |   159 |       |       ||   397
       War axe           |       |       |   166 |       |       ||   166
       Battleaxe         |       |       |   115 |   436 |    21 ||   572
Throw: Dart              |    18 |    28 |    72 |    38 |       ||   156
       Stone             |       |     2 |     1 |       |       ||     3
       Boomerang         |       |       |       |    39 |     9 ||    48
Invok: Berserk           |     3 |     7 |     9 |    11 |       ||    30
       Trog's Hand       |       |     5 |     1 |     2 |       ||     8
       Brothers in Arms  |       |       |     1 |     8 |     1 ||    10
Evoke: Wand              |       |       |     2 |     1 |       ||     3
  Use: Scroll            |       |       |    17 |    14 |     1 ||    32
       Potion            |       |       |       |     1 |       ||     1
 Stab: Sleeping          |       |     1 |       |       |       ||     1
Armor: Animal skin       |    17 |     5 |       |       |       ||    22
       Ring mail         |       |    41 |    40 |       |       ||    81
       Chain mail        |       |       |   238 |   292 |    12 ||   542
Dodge: Dodged            |    43 |   108 |   224 |   228 |    16 ||   619

Table legend: (Time is in decaauts)
 A = Elapsed time spent in this place.
 B = Non-inter-level travel time spent in this place.
 C = Inter-level travel time spent in this place.
 D = Time resting spent in this place.
 E = Time spent auto-exploring this place.
 F = Levels seen in this place.
 G = Mean time per level.
                   A        B        C        D        E       F      G
               +--------+--------+--------+--------+--------+-----+--------+
         Total |  16022 |  15544 |    478 |   4431 |   8193 |  16 | 1001.4 |
       Dungeon |  15480 |  15022 |    458 |   4220 |   8024 |  14 | 1105.7 |
        Temple |     73 |     54 |     19 |      0 |     54 |   1 |   73.0 |
       Ossuary |    468 |    468 |      0 |    211 |    115 |   1 |  468.0 |
               +--------+--------+--------+--------+--------+-----+--------+

Top non-repeatable levels by time:
    D:12: 2162 daAuts
     D:2: 1652 daAuts
    D:11: 1406 daAuts
    D:10: 1375 daAuts
     D:6: 1179 daAuts
     D:3: 1148 daAuts
     D:8: 1070 daAuts
     D:7: 1047 daAuts
    D:13: 999 daAuts
     D:4: 967 daAuts
     D:5: 895 daAuts
     D:9: 818 daAuts
     D:1: 741 daAuts
 Ossuary: 468 daAuts
  Temple: 73 daAuts
